 Dungeon Crawl Stone Soup version 0.23.1 (webtiles) character file.

Game seed: 16114058422330949734

2770 doot the Covert (level 9, -9/59 HPs)
             Began as a Vampire Enchanter on Mar 5, 2019.
             Was a Follower of Kikubaaqudgha.
             Mangled by Harold
             ... wielding a +4 battleaxe
              (17 damage)
             ... on level 6 of the Dungeon.
             The game lasted 00:30:53 (9118 turns).

doot the Covert (Vampire Enchanter)                 Turns: 9118, Time: 00:30:54

Health: -9/59      AC:  2    Str:  7    XL:     9   Next: 42%
Magic:  0/17       EV: 13    Int: 18    God:    Kikubaaqudgha [*.....]
Gold:   258        SH:  0    Dex: 15    Spells: 2/19 levels left

rFire    . . .     SeeInvis +   O - +2 dagger (speed)
rCold    . . .     Gourm    +   (no shield)
rNeg     + . .     Faith    .   b - +0 robe
rPois    .         Spirit   +   (helmet restricted)
rElec    .         Reflect  .   D - scarf {Spirit}
rCorr    .         Harm     .   (no gloves)
MR       .....                  (no boots)
Stlth    +++++.....             y - amulet of the gourmand
HPRegen  0.19/turn              n - ring of see invisible
MPRegen  0.15/turn              (no ring)

@: marked
A: fangs 3, horns 1, see invisible, dopey 1, unbreathing
a: Bat Form, Receive Corpses, Renounce Religion


You were on level 6 of the Dungeon.
You worshipped Kikubaaqudgha.
Kikubaaqudgha was aware of your devotion.
You were not thirsty.

You visited 2 branches of the dungeon, and saw 8 of its levels.
You also visited: Sewer.

You collected 258 gold pieces.

Inventory:

Hand Weapons
 a - a +1 dagger
 q - a +0 blowgun
 C - a +0 dagger of venom
 O - a +2 dagger of speed (weapon)
Missiles
 c - 6 curare-tipped needles
 l - 2 throwing nets (quivered)
 r - 21 poisoned needles
Armour
 b - a +0 robe (worn)
 D - a scarf of spirit shield (worn)
Jewellery
 n - a ring of see invisible (left hand)
 y - an amulet of the gourmand (around neck)
 J - an uncursed ring of fire {unknown}
 M - an uncursed ring of flight {unknown}
Wands
 j - a wand of flame (18)
 v - a wand of paralysis (11)
 E - a wand of polymorph (7)
 G - a wand of enslavement (5)
Scrolls
 g - 5 scrolls of teleportation
 k - 3 scrolls of remove curse {unknown}
 m - a scroll of immolation {unknown}
 o - 4 scrolls of identify
 p - 2 scrolls of fear {unknown}
 t - 2 scrolls of magic mapping {unknown}
 w - a scroll of enchant weapon {unknown}
 A - 3 scrolls of blinking {unknown}
 B - a scroll of amnesia {unknown}
 F - a scroll of noise {unknown}
 H - a scroll of enchant armour {unknown}
 I - 2 scrolls of fog {unknown}
Potions
 d - 6 potions of blood
 e - 7 potions of curing
 f - 2 potions of heal wounds {unknown}
 h - 2 potions of agility
 i - 6 potions of might
 s - 3 potions of flight
 u - 6 potions of degeneration {unknown}
 x - a potion of ambrosia {unknown}
 z - 2 potions of invisibility {unknown}
 K - a potion of lignification
 L - a potion of brilliance {unknown}
 N - a potion of magic {unknown}


   Skills:
 + Level 1.3 Fighting
 + Level 4.0 Short Blades
 + Level 3.0 Dodging
 + Level 12.7 Stealth
 + Level 5.8 Spellcasting
 + Level 9.1 Hexes
 + Level 1.0 Transmutations
 + Level 3.5 Ice Magic


You had 2 spell levels left.
You knew the following spells:

 Your Spells              Type           Power        Failure   Level  Hunger
a - Corona                Hex            #####..      1%          1    None
b - Ensorcelled Hibernat  Hex/Ice        ####..       1%          2    None
c - Confuse               Hex            #####...     1%          3    ##.....
d - Tukima's Dance        Hex            #####...     1%          3    ##.....
e - Dazzling Spray        Conj/Hex       ###...       5%          3    ##.....
f - Yara's Violent Unrav  Hex/Tmut       ###.......   38%         5    #####..

Your spell library contained the following spells:

 Spells                   Type           Power        Failure   Level  Hunger
 Confusing Touch          Hex            #####.       1%          1    None
 Slow                     Hex            #####...     1%          2    None
 Animate Skeleton         Necr           N/A          12%         1    None
 Magic Dart               Conj           #...         12%         1    None
 Pain                     Necr           #...         12%         1    None
 Blink                    Tloc           N/A          19%         2    None
 Call Imp                 Summ           #.......     19%         2    None
 Sublimation of Blood     Necr           #.........   19%         2    None
 Metabolic Englaciation   Hex/Ice        ####......   26%         5    #####..
 Conjure Flame            Conj/Fire      #.......     36%         3    ##.....
 Gell's Gravitas          Tloc           #.........   36%         3    ##.....
 Mephitic Cloud           Conj/Pois/Air  #.......     36%         3    ##.....
 Regeneration             Chrm/Necr      #.........   36%         3    ##.....
 Petrify                  Tmut/Erth      #.......     69%         4    ####...


Dungeon Overview and Level Annotations

Branches:
Dungeon (7/15)             Temple (1/1) D:6

Altars:
Ashenzari
Cheibriados
Dithmenos
Elyvilon
Fedhas
Gozag
Hepliaklqana
Kikubaaqudgha
Makhleb
Nemelex Xobeh
Okawaru
Qazlal
Ru
Sif Muna
Trog
Uskayaw
Vehumet
Wu Jian
Xom
Yredelemnul
Zin
The Shining One

Shops:
D:6 *

Annotations:
D:4 3 runed translucent doors, racehazard's ghost, novice OgBe
D:6 Harold


Innate Abilities, Weirdness & Mutations

You have razor-sharp teeth.
You have supernaturally acute eyesight. (SInv)
You can survive without breathing.
You have a pair of small horns on your head.
You are dopey. (Int -2)


Message History

Harold gestures at you while chanting. A sentinel's mark forms upon you.
The kobold barely misses you.
Unknown command.
You hit Harold but do no damage. You bite Harold, but do no damage.
Harold is almost dead.
The kobold hits you but does no damage.
You hit Harold but do no damage. Your headbutt misses Harold.
Harold is almost dead.
Harold hits you with a +4 battleaxe!
* * * LOW HITPOINT WARNING * * *
The kobold hits you with a +0 whip.
* * * LOW HITPOINT WARNING * * *
Unknown command.
You feel better. The kobold hits you but does no damage.
The kobold hits you with a +0 whip.
* * * LOW HITPOINT WARNING * * *
Harold hits you with a +4 battleaxe!
You die...
Kikubaaqudgha rasps: "You have failed me!
Welcome... oblivion!"

#.##.### ##.......#.#.##p####
#.#### ##..[..##.........# #.#
##.[[#####.###.#.# #.# ##'##
#[###.#.# #.# #.# #.....#..
#####.##### #.# #..######
#.........##### ##.## ##..).#..
#.###.........###@..## ####.#.#
#.# #.....###.##@K...# #.#.# #.#
##.##.###.###K..## #...#
#.####.##..........###########.##
#.............####.............#
############### #.#############
#.# #)# #)# #.#


You could see Harold and 2 kobolds.

Vanquished Creatures
  Pikel (D:6)
  Grinder (D:3)
  Sigmund (D:4)
  Eustachio (D:6)
  2 orc warriors (D:6)
  A sky beast (D:6)
  2 black bears (D:6)
  A phantom (D:6)
  An ice beast (D:6)
  An ogre (D:5)
  3 centaurs
  A big kobold (D:6)
  2 scorpions (D:6)
  4 killer bees
  A howler monkey (D:4)
  A crimson imp (D:6)
  A centaur zombie (D:6)
  An orc priest (D:4)
  3 orc wizards
  A bullfrog skeleton (D:4)
  A worker ant (D:6)
  A worker ant zombie (D:5)
  7 adders
  3 river rats (Sewer)
  A shadow imp (D:6)
  A worm (D:3)
  3 dart slugs
  7 leopard geckos
  20 orcs
  7 ball pythons
  4 giant cockroaches
  6 goblins
  11 hobgoblins
  6 jackals
  A quokka (D:2)
  10 bats
  6 frilled lizards
  22 kobolds
  27 rats
174 creatures vanquished.

Vanquished Creatures (others)
  A slave (D:6)
  An orc (D:6)
  A kobold (D:6)
3 creatures vanquished.

Grand Total: 177 creatures vanquished

Notes
Turn   | Place    | Note
-------+----------+-------------------------------------------
     0 | D:1      | doot the Vampire Enchanter began the quest for the Orb.
     0 | D:1      | Reached XP level 1. HP: 13/13 MP: 3/3
   469 | D:1      | Reached skill level 5 in Hexes
   472 | D:1      | Reached XP level 2. HP: 18/19 MP: 5/5
   477 | D:1      | Learned a level 2 spell: Ensorcelled Hibernation
   508 | D:1      | Reached skill level 5 in Stealth
   935 | D:2      | Reached XP level 3. HP: 24/24 MP: 3/6
   940 | D:2      | Learned a level 3 spell: Confuse
  1332 | D:4      | Noticed a troll
  1338 | D:4      | Noticed an ogre
  1338 | D:4      | Noticed racehazard's ghost (novice OgBe)
  1343 | D:4      | Reached skill level 6 in Stealth
  1343 | D:4      | Reached XP level 4. HP: 15/30 MP: 3/7
  2127 | D:3      | Found a white marble altar of Elyvilon.
  2128 | D:3      | Noticed Grinder
  2134 | D:3      | You are sucked into a shaft for 2 floors!
  2134 | D:5      | Entered Level 5 of the Dungeon
  2134 | D:5      | Noticed a centaur
  2179 | D:5      | Found a glowing drain.
  2181 | D:5      | Noticed an ogre
  2191 | Sewer    | Entered a sewer
  2347 | Sewer    | Gained mutation: You are somewhat resistant to further
                  | mutation. [potion of mutation]
  2427 | Sewer    | Lost mutation: You are somewhat resistant to further
                  | mutation. [potion of mutation]
  2427 | Sewer    | Gained mutation: You are dopey. (Int -2) [potion of
                  | mutation]
  2427 | Sewer    | Gained mutation: You have a pair of small horns on your
                  | head. [potion of mutation]
  2650 | Sewer    | Reached XP level 5. HP: 34/36 MP: 3/8
  3078 | Sewer    | Reached skill level 1 in Ice Magic
  3535 | D:5      | Learned a level 3 spell: Tukima's Dance
  3750 | D:6      | Noticed a centaur
  3756 | D:6      | Killed a centaur
  3756 | D:6      | Reached skill level 7 in Stealth
  3756 | D:6      | Reached XP level 6. HP: 33/42 MP: 7/10
  3880 | D:6      | Found Nuegh's General Store.
  3889 | D:6      | Noticed a sky beast
  3896 | D:6      | Killed a sky beast
  3929 | D:6      | Noticed a slave
  3930 | D:6      | Noticed a slave
  3931 | D:6      | Noticed a slave
  3931 | D:6      | Noticed a slave
  3933 | D:6      | Noticed Pikel
  4092 | D:4      | Noticed Sigmund
  4132 | D:4      | Found a bloodstained altar of Trog.
  4170 | D:4      | Killed Sigmund
  4170 | D:4      | Reached skill level 8 in Stealth
  4170 | D:4      | Reached XP level 7. HP: 47/47 MP: 11/11
  4179 | D:4      | Learned a level 3 spell: Dazzling Spray
  4196 | D:4      | Found a runed translucent gate.
  4197 | D:4      | Found a runed translucent gate.
  4197 | D:4      | Found a runed translucent gate.
  5199 | D:6      | Killed Pikel
  5199 | D:6      | Reached skill level 1 in Fighting
  5199 | D:6      | Reached skill level 9 in Stealth
  5199 | D:6      | Reached XP level 8. HP: 51/54 MP: 3/14
  5318 | D:6      | Reached skill level 10 in Stealth
  5601 | D:6      | Reached skill level 11 in Stealth
  5654 | D:6      | Found a staircase to the Ecumenical Temple.
  5661 | Temple   | Entered the Ecumenical Temple
  5751 | Temple   | Became a worshipper of Kikubaaqudgha
  5859 | D:6      | Noticed Eustachio
  5863 | D:6      | Killed Eustachio
  5927 | D:6      | Reached skill level 5 in Spellcasting
  5934 | D:6      | Learned a level 5 spell: Yara's Violent Unravelling
  6171 | D:5      | Reached XP level 9. HP: 59/59 MP: 7/17
  7215 | D:2      | Reached * piety under Kikubaaqudgha
  7215 | D:2      | Identified Kikubaaqudgha's Guide on Necromancy
                  | (Kikubaaqudgha gifted it to you on level 2 of the Dungeon)
  7215 | D:2      | Received a gift from Kikubaaqudgha
  7744 | D:3      | Killed Grinder
  7744 | D:3      | Reached skill level 12 in Stealth
  8165 | D:7      | Noticed Harold
  8995 | D:6      | Reached skill level 1 in Transmutations
  9118 | D:6      | Mangled by Harold

Skill      XL: |  1  2  3  4  5  6  7  8  9 |
---------------+----------------------------+-----
Hexes          | 5 6 7 8 9 |  9.1
Stealth        | 5 6 7 8 9 11 12 | 12.7
Ice Magic      | 1 2 3 |  3.5
Short Blades   | 2 3 4 |  4.0
Spellcasting   | 3 4 5 |  5.8
Fighting       | 1 |  1.3
Dodging        | 3 |  3.0
Transmutations | 1 |  1.0

Action                   |  1- 3 |  4- 6 |  7- 9 || total
-------------------------+-------+-------+-------++-------
Melee: Dagger            |    73 |   141 |   165 ||   379
       Bite              |     4 |     4 |    12 ||    20
       Headbutt          |       |    11 |    17 ||    28
 Cast: Corona            |    10 |     7 |       ||    17
       Ensorcelled Hiber |    19 |    45 |    42 ||   106
       Confuse           |     1 |     2 |    24 ||    27
       Yara's Violent Un |       |       |     7 ||     7
 Abil: End Transformatio |       |     6 |     2 ||     8
       Bat Form          |       |     6 |     2 ||     8
  Use: Potion            |     3 |    15 |    18 ||    36
       Scroll            |       |       |     2 ||     2
 Stab: Sleeping          |    19 |    34 |    51 ||   104
       Confused          |     1 |     1 |     5 ||     7
       Distracted        |       |       |     1 ||     1
Armor: Robe              |     6 |    22 |    23 ||    51
       Skin              |       |     7 |       ||     7
Dodge: Dodged            |    48 |    94 |   110 ||   252
